 Dungeon Crawl Stone Soup version 0.29-a0-231-g945431f764 (webtiles) character file.

Game seed: 3645045092004437960

3467 domi the Summoner (level 9, -5/57 HPs)
             Began as a Demonspawn Hedge Wizard on Feb 28, 2022.
             Engulfed by a steam dragon's steam (11 damage)
             ... on level 8 of the Dungeon.
             The game lasted 00:25:43 (10493 turns).

domi the Summoner (Demonspawn Hedge Wizard)        Turns: 10493, Time: 00:25:44

Health: -5/57      AC:  3    Str: 11    XL:     9   Next: 78%
Magic:  14/20      EV: 11    Int: 25    God:
Gold:   419        SH:  5    Dex: 13    Spells: 13/22 levels left

rFire   . . .      SeeInvis .   l - +3 dagger (speed)
rCold   . . .      Faith    .   r - +0 buckler
rNeg    . . .      Spirit   .   b - +0 robe
rPois   .          Reflect  .   u - +0 helmet
rElec   .          Harm     .   (cloak unavailable)
rCorr   .          Rampage  .   (no gloves)
Will    .....                   (no boots)
Stlth   ++........              (no amulet)
HPRegen 0.19/turn               e - ring of wizardry {Wiz+}
MPRegen 0.17/turn               p - +6 ring of intelligence

@: no status effects
A: ignite blood 2, weakness stinger 3
a: no special abilities


You were on level 8 of the Dungeon.
You visited 2 branches of the dungeon, and saw 9 of its levels.
You also visited: Sewer.

You collected 419 gold pieces.

Inventory:

Hand Weapons
 a - a +0 dagger of protection
 l - a +3 dagger of speed (weapon)
   (You took it off a goblin on level 1 of the Dungeon)
 w - the +6 shillelagh "Devastator" {shatter}
   (You found it on level 5 of the Dungeon)

   It releases a powerful concussive burst when it strikes, dealing extra damage
   to the target and all other foes adjacent to them.
Armour
 b - a +0 robe (worn)
 c - a +0 hat
 i - a +0 cloak
   (You found it on level 1 of the Dungeon)
 r - a +0 buckler (worn)
   (You found it on level 2 of the Dungeon)
 u - a +0 helmet (worn)
   (You found it on level 3 of the Dungeon)
Magical Staves
 j - a staff of earth
   (You found it on level 1 of the Dungeon)
Jewellery
 e - a ring of wizardry (left hand) {Wiz+}
   (You found it on level 1 of the Dungeon)
 g - a ring of protection from cold {rC+}
   (You acquired it on level 5 of the Dungeon)
 p - a +6 ring of intelligence (right hand)
   (You found it on level 5 of the Dungeon)
 v - a ring of willpower
   (You found it on level 4 of the Dungeon)
Scrolls
 d - 2 scrolls of identify {@r1}
 f - 2 scrolls of fear
 m - a scroll of enchant weapon
 o - 2 scrolls of teleportation {@r4}
 x - 2 scrolls of brand weapon
Potions
 h - a potion of magic {unknown}
 k - 7 potions of flight
 n - 4 potions of mutation {unknown}
 q - a potion of lignification {unknown}
 t - 2 potions of curing {@q1}


   Skills:
 - Level 1.7 Dodging
 - Level 1.7 Stealth
 - Level 4.0 Shields
 + Level 7.3 Spellcasting
 - Level 5.0 Conjurations
 * Level 9.6 Summonings
 - Level 0.8 Translocations
 + Level 1.8 Ice Magic


You had 13 spell levels left.
You knew the following spells:

 Your Spells              Type           Power      Damage    Failure   Level
b - Blink                 Tloc           26%        N/A       3%          2
c - Summon Ice Beast      Ice/Summ       37%        N/A       3%          4
x - Call Imp              Summ           55%        N/A       1%          2
z - Magic Dart            Conj           100%       1d8       1%          1

Your spell library contained the following spells:

 Spells                   Type           Power      Damage    Failure   Level
 Searing Ray              Conj           68%        2d6       1%          2
 Sandblast                Erth           18%        2d7       3%          1
 Slow                     Hex            36%        N/A       3%          1
 Sting                    Tmut/Pois      36%        1d4       3%          1
 Conjure Flame            Conj/Fire      21%        6-21      3%          3
 Stone Arrow              Conj/Erth      42%        3d9       3%          3
 Passwall                 Tmut/Erth      7%         N/A       4%          2
 Frozen Ramparts          Ice            36%        1d5       4%          3
 Mephitic Cloud           Conj/Pois/Air  17%        N/A       4%          3
 Ozocubu's Armour         Ice            18%        N/A       4%          3
 Summon Mana Viper        Hex/Summ       33%        N/A       13%         5
 Ice Form                 Ice/Tmut       13%        N/A       22%         4
 Monstrous Menagerie      Summ           27%        N/A       45%         7
 Manifold Assault         Tloc           13%        N/A       52%         5
 Agony                    Necr           9%         N/A       63%         5
 Ozocubu's Refrigeration  Ice            9%         4d6       100%        7
 Storm Form               Tmut/Air       4%         N/A       100%        7
 Lehudib's Crystal Spear  Conj/Erth      10%        10d4      100%        8


Dungeon Overview and Level Annotations

Branches:
Dungeon (8/15)             Temple (1/1) D:5           Sewer (visited)
   Lair: D:8-11

Altars:
Ashenzari
Cheibriados
Dithmenos
Fedhas
Hepliaklqana
Kikubaaqudgha
Nemelex Xobeh
Okawaru
Qazlal
Ru
Uskayaw
Vehumet
Wu Jian
Xom
Yredelemnul
Zin
The Shining One

Annotations:
D:7 3 runed translucent doors, bande's ghost, novice GrFi


Innate Abilities, Weirdness & Mutations

Your demonic aura often causes spilled blood to erupt in flames.
You have a sharp stinger which inflicts weakening toxins.


Message History

The necrophage resists.
The necrophage is destroyed!
Your crimson imp hits the orc priest but does no damage.
The orc priest miscasts a cantrip.
What are your orders? t - Shout!
Orders for allies: a - Attack new target. r - Retreat! s - Stop attacking. g - Guard the area. f - Follow me.
Anything else - Cancel.
Gang up on whom?
Aim: an orc priest, wielding a +0 dagger and wearing a +0 leather armour Attack!
Your crimson imp disappears in a puff of smoke!
Your ice beast hits the orc.
Your ice beast freezes the orc!
The orc dies!
The orc priest calls down the wrath of Beogh upon you.
Beogh smites you!
You take 14 damage, and have 43/57 hp.
MASSIVE DAMAGE!!
The orc priest looks encouraged for a moment.
Your ice beast hits the orc priest but does no damage.
The orc priest hits your ice beast but does no damage.
Your ice beast hits the orc priest.
Your ice beast freezes the orc priest!
The orc priest dies!
You start resting.
Your ice beast disappears in a puff of smoke!
Health restored: 57; MP restored: 20
Things that are here:
a +4 flail; an orc corpse
Things that are here:
a +0 dagger; a +0 leather armour; an orc corpse You see here a +0 club.
Things that are here:
a +0 shortbow; a centaur corpse You now have 419 gold pieces (gained 15).
Bande's ghost turns its malevolent gaze towards you.
Found a stone staircase leading down.
x - 2 scrolls of brand weapon (gained 1)
You see here a +0 club.
Things that are here:
a +0 dagger; a +0 leather armour; an orc corpse
Things that are here:
a +4 flail; an orc corpse You open the door.
There is an open door here.
There is an open door here.
Things that are here:
a +4 flail; an orc corpse
Things that are here:
a +0 dagger; a +0 leather armour; an orc corpse
Things that are here:
a +0 shortbow; a centaur skeleton Could not explore, unopened runed door.
Could not explore, unopened runed door.
Could not explore, unopened runed door.
Could not explore, unopened runed door.
Could not explore, unopened runed door.
Could not explore, unopened runed door.
Could not explore, unopened runed door.
(D) Dungeon (T) Temple
Where to? (Enter - D:7, ? - help)
There is a stone staircase leading down here.
You climb downwards.
You hear the roar of battle.
There is an entrance to a bailey on this level.
Hurry and find it before the portal closes forever!
The steam dragon hisses angrily.
There is a stone staircase leading up here.
As you read the scroll labelled WOUKHL BIDWOU, it crumbles to dust.
It is a scroll of enchant weapon.
Your +2 dagger of speed glows red for a moment.
As you read the scroll labelled GIMARR PANATT, it crumbles to dust.
You speak a Word of immense power!
You are blasted by holy energy!
It was a scroll of holy word.
You take 27 damage, and have 30/57 hp.
MASSIVE DAMAGE!!
A chill wind blows around you.
You now have 16/20 mp.
You swap places.
The steam dragon breathes steam at you. The ball of steam hits your ice beast!
The ball of steam hits you!
* * * LOW HITPOINT WARNING * * *
Your ice beast is engulfed in a cloud of scalding steam.
You take 13 damage, and have 17/57 hp.
MASSIVE DAMAGE!!
A shadowy apparition takes form in the air.
You are engulfed in a cloud of scalding steam.
* * * LOW HITPOINT WARNING * * *
You take 9 damage, and have 8/57 hp.
You now have 14/20 mp.
You feel better.
You are engulfed in a cloud of scalding steam.
* * * LOW HITPOINT WARNING * * *
Your ice beast is engulfed in a cloud of scalding steam.
Your ice beast hits the steam dragon but does no damage.
Your shadow imp closely misses the steam dragon.
You take 2 damage, and have 6/57 hp.
Okay, then.
You are engulfed in a cloud of scalding steam.
You die...

.. ..# ..
..## .. ...
#. ..# #.
..# #. ..#
#.###5§###.#
#.@§§D§.D..#
######Y#####
#


There were no monsters in sight!

Vanquished Creatures
  A hornet (D:7)
  2 water moccasins
  An orc warrior (D:6)
  An ice beast (D:5)
  A sky beast (D:6)
  A black bear (D:6)
  3 ogres
  A centaur (D:6)
  A phantom (D:6)
  3 kobold brigands
  A bullfrog (D:6)
  2 scorpions (D:6)
  2 necrophages (D:6)
  3 wights (D:6)
  A howler monkey (D:6)
  2 vampire bats (D:5)
  A bullfrog zombie (D:6)
  2 centaur zombies (D:6)
  3 hounds
  A human zombie (D:6)
  An orc priest (D:6)
  A jelly (D:6)
  An iguana (D:5)
  A killer bee zombie (D:6)
  2 mummies (D:6)
  5 adders
  A river rat (Sewer)
  4 ufetubi
  6 worms
  3 dart slugs
  3 orcs
  3 ball pythons
  3 bat skeletons (D:5)
  2 bat zombies (D:5)
  11 endoplasms
  6 giant cockroaches
  7 goblins
  5 hobgoblins
  7 jackals
  8 kobolds
  2 quokkas (D:2)
  11 bats
  6 frilled lizards
  5 rats
137 creatures vanquished.

Vanquished Creatures (collateral kills)
  A hornet (D:7)
  An acid dragon (D:7)
  An orc warrior (D:7)
  2 sky beasts (D:7)
  A centaur (D:7)
  A scorpion (D:5)
  2 necrophages
  A hound (D:7)
  3 orc priests
  Jessica (D:2)
  4 orcs
  2 kobolds (D:7)
20 creatures vanquished.

Grand Total: 157 creatures vanquished

Notes
Turn   | Place    | Note
-------+----------+-------------------------------------------
     0 | D:1      | domi the Demonspawn Hedge Wizard began the quest for the
                  | Orb.
     0 | D:1      | Reached XP level 1. HP: 13/13 MP: 4/4
   555 | D:1      | Gained mutation: You have a small tail. [demonic ancestry]
   555 | D:1      | Reached XP level 2. HP: 19/19 MP: 0/6
   559 | D:1      | Learned a level 2 spell: Call Imp
   562 | D:1      | Learned a level 2 spell: Blink
   741 | D:1      | Reached skill level 2 in Conjurations
  1574 | D:1      | Gained mutation: Your demonic aura sometimes causes spilled
                  | blood to erupt in flames. [demonic ancestry]
  1574 | D:1      | Reached XP level 3. HP: 19/24 MP: 2/7
  1793 | D:2      | Noticed Jessica
  2558 | D:2      | Found a faded altar of an unknown god.
  2621 | D:2      | Killed Jessica
  2622 | D:2      | Reached skill level 3 in Conjurations
  2622 | D:2      | Gained mutation: You have a tail ending in a sharp stinger.
                  | [demonic ancestry]
  2622 | D:2      | Reached XP level 4. HP: 30/30 MP: 6/9
  2660 | D:3      | Found a shadowy altar of Dithmenos.
  2870 | D:3      | Got the Incunabulum of Noxious Moulding
  3230 | D:3      | Reached skill level 2 in Summonings
  3611 | D:3      | Reached XP level 5. HP: 35/35 MP: 0/10
  3846 | D:3      | Reached skill level 1 in Shields
  4301 | D:4      | Noticed an ogre
  4320 | D:4      | Killed an ogre
  4321 | D:4      | Reached skill level 4 in Conjurations
  4409 | D:4      | Noticed a water moccasin
  4417 | D:4      | Killed a water moccasin
  4418 | D:4      | Reached skill level 4 in Spellcasting
  4418 | D:4      | Reached XP level 6. HP: 28/41 MP: 3/12
  4747 | D:4      | Reached skill level 2 in Shields
  4976 | D:5      | Entered Level 5 of the Dungeon
  4996 | D:5      | Identified a scroll of acquirement
  4998 | D:5      | Acquired a ring of protection from cold
  5004 | D:5      | Found a staircase to the Ecumenical Temple.
  5016 | D:5      | Found a glowing drain.
  5030 | D:5      | Reached skill level 3 in Summonings
  5049 | Sewer    | Entered a sewer
  5237 | Sewer    | Reached skill level 5 in Conjurations
  5237 | Sewer    | Gained mutation: You have a sharp stinger which inflicts
                  | weakening toxins. [demonic ancestry]
  5237 | Sewer    | Reached XP level 7. HP: 25/46 MP: 6/13
  5680 | D:5      | HP: 11/46 [ice beast (10)]
  5853 | D:5      | Reached skill level 3 in Shields
  5853 | D:5      | Reached skill level 4 in Summonings
  6021 | D:5      | Got Sif Muna's Handbook of the Unemployed Unperson
  6152 | D:5      | Found the +6 shillelagh "Devastator" {shatter}
  6177 | D:5      | Found an ancient bone altar of Kikubaaqudgha.
  6400 | D:5      | Reached skill level 5 in Spellcasting
  6619 | D:5      | Reached XP level 8. HP: 52/52 MP: 2/15
  6779 | D:5      | Found a broken altar of Ashenzari.
  6786 | D:5      | Reached skill level 5 in Summonings
  6981 | Temple   | Entered the Ecumenical Temple
  7434 | D:6      | Reached skill level 4 in Shields
  7434 | D:6      | Reached skill level 6 in Summonings
  7436 | D:6      | HP: 9/52 [orc priest/nerve-wracking pain (13)]
  7441 | D:6      | HP: 8/52 [orc priest/divine providence (10)]
  8321 | D:6      | Reached skill level 7 in Summonings
  8326 | D:6      | Reached skill level 6 in Spellcasting
  8332 | D:6      | Noticed a +0 short sword
  8332 | D:6      | Noticed a +0 short sword
  8332 | D:6      | Noticed a +0 dagger
  8337 | D:6      | Noticed a +0 spear
  8480 | D:6      | Noticed a +0 dagger
  8480 | D:6      | Noticed a +0 spear
  8481 | D:6      | Noticed a +0 falchion
  8493 | D:6      | Found a hide-covered altar of Uskayaw.
  8496 | D:6      | Noticed a +0 falchion
  8597 | D:6      | Gained mutation: Your demonic aura often causes spilled
                  | blood to erupt in flames. [demonic ancestry]
  8597 | D:6      | Reached XP level 9. HP: 37/57 MP: 1/18
  8775 | D:6      | Found a basalt altar of Yredelemnul.
  8976 | D:6      | Reached skill level 8 in Summonings
  9092 | D:6      | Learned a level 4 spell: Summon Ice Beast
  9408 | D:7      | Found a snail-covered altar of Cheibriados.
  9416 | D:7      | Paralysed by a hornet for 1 turns
  9651 | D:7      | Reached skill level 7 in Spellcasting
  9651 | D:7      | Reached skill level 9 in Summonings
 10009 | D:7      | Paralysed by a hornet for 1 turns
 10016 | D:7      | Reached skill level 1 in Ice Magic
 10193 | D:7      | Found an iron altar of Okawaru.
 10348 | D:7      | Found a runed translucent gate.
 10348 | D:7      | Found a runed translucent gate.
 10348 | D:7      | Found a runed translucent gate.
 10349 | D:7      | Noticed bande's ghost (novice GrFi)
 10491 | D:8      | HP: 8/57 [something] (9)]
 10493 | D:8      | Engulfed by a steam dragon's steam

Illustrated notes

Levels and vault maps discovered:
D:1:      minmay_arrival_wavy_path, layout_basic, amethyst_killhole,
          minmay_hedge_maze
D:2:      layout_basic, hellmonk_ecumenical_altar_inner_sanctum,
          wad_floor_pattern_untrapped, uniq_jessica
D:3:      layout_basic, grunt_dithmenos_smoke_and_mirrors,
          hangedman_abyss_or_decor_stabs
D:4:      layout_loops_ring, minmay_misc_feat_alley, small_statue_alley_b,
          st_stairs_6, hangedman_decor_opposing
D:5:      cheibrodos_helix_gallery, layout_loops_cross,
          kennysheep_vampire_church, zin_statuary, mainiacjoe_overflow_alcove_1,
          minmay_temple_entry_gardened_gates, cheibrodos_sewer_entry_sluice,
          moated_statue, chequers_serial_rivers_room_a, kennysheep_minor_cross
D:6:      layout_gridville, nicolae_uskayaw_en_pointe,
          lemuel_mausoleum_altar_yredelemnul
D:7:      layout_basic, cheibriados_altar_1, okawaru_ov_weapons_minmay,
          gammafunk_ghost_necromancy
D:8:      layout_basic, trog_ov_bears_minmay, mainiacjoe_overflow_boulevard,
          lightli_temple_of_fire, enter_bailey_5
Temple:   jpeg_temple_island

Skill      XL: |  1  2  3  4  5  6  7  8  9 |
---------------+----------------------------+-----
Conjurations   | 2 3 4 5 |  5.0
Summonings     | 2 3 4 7 9 |  9.6
Shields        | 1 2 3 4 |  4.0
Spellcasting   | 4 5 6 7 |  7.3
Ice Magic      | 1 |  1.8
Dodging        | |  1.7
Stealth        | |  1.7
Translocations | |  0.8

Action                   |  1- 3 |  4- 6 |  7- 9 || total
-------------------------+-------+-------+-------++-------
Melee: Dagger            |    33 |    52 |   129 ||   214
       Tailslap          |     3 |     5 |    30 ||    38
       Punch             |     1 |       |       ||     1
 Cast: Magic Dart        |    99 |   128 |   145 ||   372
       Call Imp          |     3 |     4 |    21 ||    28
       Blink             |       |       |     4 ||     4
       Summon Ice Beast  |       |       |    12 ||    12
Evoke: Wand              |       |       |    10 ||    10
  Use: Scroll            |       |     7 |     2 ||     9
       Potion            |       |       |     5 ||     5
 Stab: Distracted        |       |       |     1 ||     1
Armor: Robe              |     9 |     7 |    27 ||    43
Dodge: Dodged            |    20 |    23 |    75 ||   118
Block: Buckler           |       |     6 |    31 ||    37

Table legend: (Time is in decaauts)
 A = Elapsed time spent in this place.
 B = Non-inter-level travel time spent in this place.
 C = Inter-level travel time spent in this place.
 D = Time resting spent in this place.
 E = Time spent auto-exploring this place.
 F = Levels seen in this place.
 G = Mean time per level.
                   A        B        C        D        E       F      G
               +--------+--------+--------+--------+--------+-----+--------+
         Total |  10524 |  10312 |    212 |   2618 |   6401 |  10 | 1052.4 |
       Dungeon |   9713 |   9517 |    196 |   2321 |   6010 |   8 | 1214.1 |
        Temple |    262 |    246 |     16 |      0 |    240 |   1 |  262.0 |
         Sewer |    548 |    548 |      0 |    297 |    151 |   1 |  548.0 |
               +--------+--------+--------+--------+--------+-----+--------+

Top non-repeatable levels by time:
     D:5: 1754 daAuts
     D:6: 1711 daAuts
     D:1: 1620 daAuts
     D:7: 1269 daAuts
     D:3: 1256 daAuts
     D:4: 1063 daAuts
     D:2: 1030 daAuts
   Sewer: 548 daAuts
  Temple: 262 daAuts
     D:8: 6 daAuts

Table legend:
 A = Kills in this place as a percentage of kills in entire the game.
 B = Kills by you in this place as a percentage of kills by you in the entire game.
 C = Kills by friends in this place as a percentage of kills by friends in the entire game.
 D = Other kills in this place as a percentage of other kills in the entire game.
 E = Experience gained in this place as a percentage of experience gained in the entire game.
 F = Experience gained in this place divided by the number of levels of this place that you have seen.
                   A       B       C       D       E      F
               +-------+-------+-------+-------+-------+----------------------
         Total | 100.0 | 100.0 | 100.0 |   N/A | 100.0 | 495.4
       Dungeon |  94.9 |  94.2 | 100.0 |   N/A |  95.9 | 593.8
         Sewer |   5.1 |   5.8 |   0.0 |   N/A |   4.1 | 204.0
               +-------+-------+-------+-------+-------+----------------------
